 Dungeon Crawl Stone Soup version 0.22-a0-348-gd16d1391c7 (webtiles) character file.

217125 MirrMurr the Warrior (level 19, -13/133 HPs)
             Began as a Gargoyle Berserker on Apr 11, 2018.
             Was the Champion of Trog.
             Blown up by an orb spider (50 damage)
             ... with an orb of destruction
             ... on level 4 of the Spider Nest on Apr 12, 2018.
             The game lasted 01:52:39 (42493 turns).

MirrMurr the Warrior (Gargoyle Berserker)          Turns: 42493, Time: 01:52:40

Health: -13/133    AC: 47    Str: 24    XL:     19   Next: 7%
Magic:  19/19      EV: 17    Int:  9    God:    Trog [******]
Gold:   2519       SH:  0    Dex: 13    Spells: 18/18 levels left

rFire    + . .     SeeInvis .   a - +8 great mace (flame)
rCold    . . .     Gourm    +   (shield currently unavailable)
rNeg     + . .     Faith    .   J - +2 plate armour {rF+}
rPois    ∞         Spirit   .   m - +2 helmet
rElec    +         Reflect  .   M - +2 cloak
rCorr    .         Harm     .   f - +2 pair of gloves
MR       ++...                  n - +2 pair of boots
Stlth    ..........             G - amulet of the gourmand
HPRegen  0.32/turn              q - +4 ring of evasion
MPRegen  0.16/turn              o - ring of protection from magic

@: flying
A: big wings, negative energy resistance 1, electricity resistance, unbreathing,
petrification resistance, rot immunity, AC +14
}: 1/15 runes: decaying
a: Stop Flying, Berserk, Trog's Hand, Brothers in Arms, Renounce Religion


You were on level 4 of the Spider Nest.
You worshipped Trog.
Trog was exalted by your worship.
You were completely stuffed.

You visited 5 branches of the dungeon, and saw 31 of its levels.
You also visited: Labyrinth, Sewer and Ice Cave.

You collected 3476 gold pieces.
You spent 957 gold pieces at shops.

Inventory:

Hand Weapons
 a - a +8 great mace of flaming (weapon)
 b - a +3 longbow
Missiles
 e - 543 stones (quivered)
 l - 866 arrows
 x - 6 throwing nets {!f}
 E - 12 tomahawks of returning
 V - 17 javelins of returning
Armour
 f - a +2 pair of gloves (worn)
 m - a +2 helmet (worn)
 n - a +2 pair of boots (worn)
 J - a +2 plate armour of fire resistance (worn)
 M - a +2 cloak (worn)
Jewellery
 j - an uncursed ring of protection from fire
 o - a ring of protection from magic (right hand)
 q - a +4 ring of evasion (left hand)
 C - the ring "Gogete Ciga" {Ice Dex+5}
   (You found it on level 4 of the Dungeon)

   [ring of ice]

   It enhances your ice magic.
   It affects your dexterity (+5).
   It makes you vulnerable to fire.
   It protects you from cold.
 G - an amulet of the gourmand (around neck)
 I - an uncursed ring of see invisible
Wands
 k - a wand of enslavement (14)
 H - a wand of clouds (6)
 Q - a wand of paralysis (9)
 S - a wand of iceblast (6)
 T - a wand of digging (13)
Scrolls
 g - 8 scrolls of fear
 i - 3 scrolls of identify
 r - 4 scrolls of remove curse
 u - 2 scrolls of blinking
 v - 14 scrolls of teleportation
 y - 7 scrolls of immolation
 A - a scroll of enchant armour
 D - 2 scrolls of magic mapping
 N - 5 scrolls of fog
Potions
 d - 3 potions of agility
 p - 3 potions of invisibility
 s - 4 potions of heal wounds
 t - 10 potions of curing
 w - a potion of mutation
 z - 7 potions of lignification
 F - 7 potions of might
 K - 3 potions of resistance
 L - a potion of haste
Miscellaneous
 h - a phial of floods
 R - a sack of spiders
 W - a fan of gales
 X - a phantom mirror
Comestibles
 c - 49 rations


   Skills:
 + Level 19.2 Fighting
 + Level 16.9 Maces & Flails
   Level 3.5 Slings
 * Level 13.6 Bows
 - Level 14.2 Armour
 + Level 10.7 Dodging


You had 18 spell levels left.
You didn't know any spells.

Dungeon Overview and Level Annotations

Branches:
Dungeon (15/15)            Temple (0/1) D:5            Lair (6/6) D:11
  Swamp (4/4) Lair:4       Spider (4/4) Lair:4        Slime (0/5) Lair:6
    Orc (2/2) D:10            Elf (0/3) Orc:2        Vaults (0/5) D:13
 Depths (0/5) D:15

Altars:
Cheibriados
Nemelex Xobeh
Trog
Vehumet
Wu Jian
Yredelemnul
Beogh

Shops:
Orc:2 (*(*

Annotations:
D:4 2 runed doors


Innate Abilities, Weirdness & Mutations

You are resistant to torment.
Your stone body is resilient. (AC +14)
You are immune to poison.
Your large and strong wings let you fly indefinitely.
You resist negative energy. (rN+)
You are resistant to electric shocks. (rElec)
You can survive without breathing.
You are immune to petrification.
You are immune to rotting.


Message History

The redback closely misses you.
You crush the emperor scorpion like a grape!!!
You burn the emperor scorpion.
You kill the emperor scorpion!
Trog accepts your kill. The redback completely misses you.
The redback bites you but does no damage.
Unknown command.
You see here an emperor scorpion corpse.
The redback bites you but does no damage.
You flatten the redback like a pancake!!!
You burn the redback!
You kill the redback!
Trog accepts your kill.
The orb spider weaves a glowing orb of energy.
An orb of destruction comes into view.
The jumping spider pounces on you but does no damage.
The jumping spider closely misses you. The orb of destruction hits you!
You die...

#≈≈≈#.#
#≈≈≈..#
#≈≈≈..#
#.≈≈≈.#
##.≈≈.#
#.^≈≈.#
#..≈#≈#
#..§≈≈#
#s@†§≈#
#..#.s#
#.....#
##....#
#.....#
.^.....#
≈s#.^...#
≈≈≈≈≈≈≈..#
...≈≈≈#≈≈#


You could see an orb spider and a jumping spider.

Vanquished Creatures
  Saint Roka (Orc:1)
  Arachne (Spider:2)
  A tentacled monstrosity (Swamp:2)
  Frances (Swamp:1)
  A thorn hunter (Swamp:4)
  Kirke (D:14)
  Aizul (Swamp:1)
  7 emperor scorpions
  2 very ugly things (Swamp:4)
  5 entropy weavers
  A spark wasp (Spider:4)
  A minotaur (Lab)
  5 vault guards (D:13)
  A ghost crab (Swamp:3)
  A catoblepas (Lair:4)
  Erica (D:8)
  23 hydras
  6 centaur warriors
  An ice dragon (Swamp:4)
  A death knight (D:13)
  6 alligators
  3 ogre magi
  2 death yaks (Lair:5)
  15 two-headed ogres
  The ghost of Laan the Cleaver, a journeyman GrFi of Okawaru (D:8)
  An orc high priest (Orc:1)
  A deep elf knight (D:13)
  A spectral emperor scorpion (Spider:4)
  2 deep trolls (Orc:2)
  2 spriggan druids (Swamp:2)
  3 unseen horrors
  A shambling mangrove (Swamp:4)
  A deep elf archer (D:13)
  A spectral wolf spider (Spider:4)
  13 swamp dragons
  A necromancer (IceCv)
  22 orb spiders
  2 oklob plants (Lair:3)
  3 orc knights
  2 orc sorcerers (D:13)
  40 wolf spiders
  2 cyclopes (Orc:2)
  6 ugly things
  2 moths of wrath (Spider:1)
  10 elephants
  3 torpor snails
  3 black mambas
  4 ice statues (IceCv)
  13 spiny frogs
  A gargoyle (D:13)
  A black mamba (shapeshifter) (D:15)
  Psyche (D:8)
  5 centaur skeletons
  4 yaktaurs (D:15)
  3 rime drakes
  A freezing wraith (D:15)
  A redback zombie (Spider:4)
  8 komodo dragons
  2 efreet
  10 demonic crawlers
  8 ice devils (IceCv)
  A queen bee (Lair:2)
  15 trolls
  41 jumping spiders
  15 tyrant leeches
  4 polar bears (Lair:6)
  11 hornets
  15 slime creatures
  12 blink frogs
  12 hippogriffs
  8 dream sheep
  A tarantella zombie (Spider:4)
  A meliai zombie (D:14)
  A jumping spider zombie (Spider:4)
  4 bog bodies
  85 redbacks
  20 spriggans
  3 shadows
  27 tarantellas
  A wraith (D:11)
  3 wyverns
  28 yaks
  2 hungry ghosts
  4 hogs (D:14)
  A basilisk (Lair:6)
  23 vampire mosquitoes
  Grum (D:11)
  20 insubstantial wisps
  2 soldier ants (D:13)
  5 wargs
  15 water moccasins
  A water moccasin (shapeshifter) (D:14)
  5 porcupines
  13 swamp worms
  27 orc warriors
  13 swamp drakes
  Purgy (Sewer)
  6 ice beasts
  2 hornet zombies (Spider:4)
  5 black bears
  A sky beast (D:15)
  30 ogres
  4 boggarts (Lair:6)
  11 centaurs
  29 wolves
  2 big kobolds
  8 crocodiles
  19 bullfrogs
  2 gnoll sergeants
  A wyvern zombie (D:9)
  A water moccasin skeleton (D:5)
  4 scorpions
  23 killer bees (Lair:2)
  3 howler monkeys
  An electric eel (D:8)
  7 crimson imps
  4 hounds
  2 bullfrog zombies
  2 centaur zombies
  2 draconian simulacra (IceCv)
  12 jellies
  11 orc priests
  26 orc wizards
  6 iguanas
  11 hell rats (Lair:6)
  10 worker ants
  A killer bee zombie (D:8)
  2 troll simulacra (IceCv)
  2 centaur simulacra
  3 hound skeletons
  4 worker ant zombies
  16 gnolls
  An ogre simulacrum (IceCv)
  23 adders
  4 naga simulacra (IceCv)
  4 shadow imps
  16 oozes
  3 worms
  2 dart slugs
  7 leopard geckos
  77 orcs
  A ball python (D:2)
  7 bats
  10 giant cockroaches
  7 hobgoblins
  10 jackals
  3 quokkas
  6 frilled lizards
  7 goblins
  A jackal zombie (D:6)
  17 kobolds
  5 rats
  A spectral orc (D:9)
  6 plants
1205 creatures vanquished.

Vanquished Creatures (collateral kills)
  An ettin (D:15)
  2 tengu warriors (D:15)
  A deep elf knight (D:15)
  An orc sorcerer (D:15)
  An orc (D:6)
6 creatures vanquished.

Vanquished Creatures (others)
  A wolf spider (Spider:1)
  A rime drake (Swamp:4)
  A demonic crawler (Spider:2)
  A jumping spider (Spider:2)
  A redback (Spider:3)
  A tarantella (Spider:2)
  2 humans (D:14)
  A centaur (D:14)
  2 briar patches (Swamp:4)
  19 fungi
  15 plants
45 creatures vanquished.

Grand Total: 1256 creatures vanquished

Notes
Turn   | Place    | Note
-------+----------+-------------------------------------------
     0 | D:1      | MirrMurr the Gargoyle Berserker began the quest for the Orb.
     0 | D:1      | Reached XP level 1. HP: 14/14 MP: 1/1
    48 | D:1      | Reached XP level 2. HP: 18/19 MP: 2/2
   884 | D:1      | Reached XP level 3. HP: 2/23 MP: 3/3
  1538 | D:2      | Reached ** piety under Trog
  1538 | D:2      | Reached XP level 4. HP: 26/29 MP: 4/4
  1596 | D:2      | Reached skill level 4 in Fighting
  1603 | D:2      | Reached XP level 5. HP: 21/33 MP: 5/5
  1977 | D:2      | Found a transporter.
  1977 | D:2      | Found a snail-covered altar of Cheibriados.
  1983 | D:2      | Found a transporter.
  2507 | D:3      | Found a glowing drain.
  2540 | Sewer    | Entered a sewer
  2610 | Sewer    | Noticed Purgy
  2618 | Sewer    | Killed Purgy
  2618 | Sewer    | Reached skill level 5 in Maces & Flails
  2618 | Sewer    | Reached XP level 6. HP: 39/39 MP: 6/6
  2898 | D:3      | Reached *** piety under Trog
  3534 | D:4      | Found a sparkling altar of Nemelex Xobeh.
  3788 | D:4      | Reached skill level 5 in Fighting
  3838 | D:4      | Reached XP level 7. HP: 43/44 MP: 7/7
  4066 | D:4      | Found a large runed door.
  4066 | D:4      | Found a large runed door.
  4283 | D:4      | Found a large runed door.
  4283 | D:4      | Found a large runed door.
  4712 | D:4      | Got a sparkling ivory ring
  4882 | D:4      | Got an ichor-stained scale mail
  4893 | D:4      | Identified the cursed +0 scale mail of Action {Dex+3} (You found it on level 4 of the Dungeon)
  4895 | D:4      | Identified the ring "Gogete Ciga" {Ice Dex+5} (You found it on level 4 of the Dungeon)
  4937 | D:5      | Entered Level 5 of the Dungeon
  4955 | D:5      | Found a staircase to the Ecumenical Temple.
  4973 | D:5      | Reached skill level 5 in Armour
  5052 | D:5      | Reached XP level 8. HP: 45/51 MP: 8/8
  5113 | D:5      | Found a radiant altar of Vehumet.
  5113 | D:5      | Noticed a troll
  5135 | D:5      | Killed a troll
  5135 | D:5      | Reached skill level 6 in Fighting
  5416 | D:5      | Reached **** piety under Trog
  6310 | D:6      | Reached XP level 9. HP: 56/56 MP: 9/9
  6492 | D:6      | Reached skill level 7 in Fighting
  7166 | D:7      | Found a bloodstained altar of Trog.
  8045 | D:8      | Noticed a two-headed ogre
  8375 | D:8      | Killed a two-headed ogre
  8375 | D:8      | Reached skill level 8 in Fighting
  8375 | D:8      | Reached skill level 10 in Maces & Flails
  8375 | D:8      | Reached XP level 10. HP: 64/64 MP: 10/10
  8678 | D:8      | Noticed Laan's ghost (journeyman GrFi)
  8851 | D:8      | Killed Laan's ghost
  8869 | D:8      | Reached ***** piety under Trog
  8944 | D:8      | Noticed Erica
  8953 | D:8      | Killed Erica
  8953 | D:8      | Reached skill level 9 in Fighting
  9013 | D:8      | Noticed Psyche
  9024 | D:8      | Killed Psyche
  9361 | D:9      | Noticed a two-headed ogre
  9374 | D:9      | Killed a two-headed ogre
  9520 | D:9      | Reached XP level 11. HP: 67/71 MP: 11/11
  9799 | D:9      | Found a basalt altar of Yredelemnul.
 10015 | D:9      | Found an ornate altar of the Wu Jian Council.
 10315 | D:10     | Entered Level 10 of the Dungeon
 10357 | D:10     | Reached skill level 10 in Fighting
 10717 | D:10     | Noticed a four-headed hydra
 10734 | D:10     | Killed a four-headed hydra
 11045 | D:10     | Noticed a two-headed ogre
 11059 | D:10     | Killed a two-headed ogre
 11059 | D:10     | Reached skill level 10 in Armour
 11258 | D:10     | Found a staircase to the Orcish Mines.
 11889 | D:11     | Noticed a two-headed ogre
 11911 | D:11     | Killed a two-headed ogre
 12254 | D:11     | Noticed a brown ugly thing
 12299 | D:11     | Killed a brown ugly thing
 12426 | D:11     | Reached XP level 12. HP: 75/79 MP: 12/12
 12476 | D:11     | Noticed Grum
 12673 | D:11     | Found a staircase to the Lair.
 12691 | D:11     | Received a gift from Trog
 12860 | D:11     | Killed Grum
 13153 | Lair:1   | Entered Level 1 of the Lair of Beasts
 13162 | Lair:1   | Reached skill level 11 in Fighting
 15342 | Lair:2   | Reached skill level 12 in Fighting
 15370 | Lair:2   | Received a gift from Trog
 16307 | Lair:3   | Reached XP level 13. HP: 84/87 MP: 13/13
 16852 | Lair:4   | Found a hole to the Spider Nest.
 16880 | Lair:4   | Reached skill level 13 in Fighting
 17689 | Lair:4   | Found a staircase to the Swamp.
 18382 | Lair:5   | Received a gift from Trog
 18471 | Lair:5   | Reached skill level 14 in Fighting
 18765 | Lair:6   | Entered Level 6 of the Lair of Beasts
 19270 | Lair:6   | Gained mutation: Your large and strong wings let you fly indefinitely. [Gargoyle growth]
 19270 | Lair:6   | Reached XP level 14. HP: 67/96 MP: 14/14
 19724 | Lair:6   | Reached skill level 15 in Fighting
 19881 | Lair:6   | Received a gift from Trog
 19881 | Lair:6   | Reached skill level 5 in Dodging
 20241 | Lair:6   | Found a staircase to the Slime Pits.
 20371 | Lair:6   | Reached ****** piety under Trog
 21171 | D:12     | Found a labyrinth entrance.
 21183 | Lab      | Entered a labyrinth
 21297 | Lab      | Reached skill level 1 in Slings
 21775 | D:13     | Found a frozen archway.
 21830 | IceCv    | Entered an ice cave
 22482 | D:13     | Identified a scroll of acquirement
 22519 | D:13     | Reached skill level 16 in Fighting
 23088 | D:13     | Reached XP level 15. HP: 104/104 MP: 15/15
 23195 | D:13     | Found a gate to the Vaults.
 25069 | D:14     | Received a gift from Trog
 25236 | D:14     | Reached skill level 1 in Bows
 25247 | D:14     | Noticed Kirke
 25269 | D:14     | Killed Kirke
 25269 | D:14     | Received a gift from Trog
 25509 | D:14     | Received a gift from Trog
 26048 | D:15     | Entered Level 15 of the Dungeon
 26171 | D:15     | HP: 5/106 [smoke demon/divine providence[an orc sorcerer] (10)]
 26180 | D:15     | Reached skill level 17 in Fighting
 26198 | D:15     | Received a gift from Trog
 26587 | D:15     | Found a staircase to the Depths.
 27812 | Orc:1    | Entered Level 1 of the Orcish Mines
 27864 | Orc:1    | Received a gift from Trog
 27917 | Orc:1    | Found a roughly hewn altar of Beogh.
 28378 | Orc:2    | Entered Level 2 of the Orcish Mines
 28419 | Orc:2    | Found a staircase to the Elven Halls.
 28454 | Orc:2    | Reached skill level 5 in Bows
 28546 | Orc:2    | Noticed Saint Roka
 28572 | Orc:2    | HP: 4/107 [Saint Roka/divine providence (13)]
 28580 | Orc:2    | HP: 3/107 [Saint Roka/divine providence (9)]
 28919 | Orc:1    | Killed Saint Roka
 28919 | Orc:1    | Reached skill level 15 in Maces & Flails
 28919 | Orc:1    | Reached XP level 16. HP: 30/112 MP: 16/16
 29543 | Orc:2    | Found Kapecy's General Store.
 29552 | Orc:2    | Found Maucoist's Weapon Shop.
 29626 | Orc:2    | Found Ponus's Weapon Boutique.
 29627 | Orc:2    | Found Heryurir's Assorted Antiques.
 30004 | Orc:2    | Bought a glowing plate armour for 754 gold pieces
 30004 | Orc:2    | Bought a potion of heal wounds for 145 gold pieces
 30004 | Orc:2    | Bought a scroll of fog for 58 gold pieces
 30304 | Orc:2    | Received a gift from Trog
 30733 | Swamp:1  | Entered Level 1 of the Swamp
 30759 | Swamp:1  | Noticed Frances
 31081 | Swamp:1  | Killed Frances
 31147 | Swamp:1  | Noticed Aizul
 31161 | Swamp:1  | Killed Aizul
 32168 | Swamp:2  | Received a gift from Trog
 32816 | Swamp:2  | Received a gift from Trog
 33065 | Swamp:2  | Noticed a tentacled monstrosity
 33090 | Swamp:2  | Killed a tentacled monstrosity
 33090 | Swamp:2  | Reached XP level 17. HP: 92/119 MP: 17/17
 33145 | Swamp:3  | Reached skill level 18 in Fighting
 33771 | Swamp:4  | Entered Level 4 of the Swamp
 33784 | Swamp:4  | Received a gift from Trog
 33955 | Swamp:4  | Reached skill level 10 in Bows
 35119 | Swamp:4  | Got a decaying rune of Zot
 35484 | Spider:1 | Entered Level 1 of the Spider Nest
 35525 | Spider:1 | Received a gift from Trog
 35893 | Spider:1 | Received a gift from Trog
 37659 | Spider:1 | Reached XP level 18. HP: 106/126 MP: 18/18
 38266 | Spider:2 | Received a gift from Trog
 38374 | Spider:2 | Received a gift from Trog
 38585 | Spider:1 | Reached skill level 10 in Dodging
 39721 | Spider:3 | Noticed Arachne
 39752 | Spider:2 | Killed Arachne
 40342 | Spider:3 | Received a gift from Trog
 40798 | Spider:2 | Reached skill level 19 in Fighting
 41280 | Spider:4 | Entered Level 4 of the Spider Nest
 41600 | Spider:4 | Received a gift from Trog
 41806 | Spider:4 | Received a gift from Trog
 42028 | Spider:4 | Received a gift from Trog
 42415 | Spider:4 | Reached XP level 19. HP: 133/133 MP: 19/19
 42493 | Spider:4 | Blown up by an orb spider

Vault maps used:
D:1:      onia_arrival_pyramid, minmay_tree_intersection
D:2:      gammafunk_temple_overflow_arena, serial_bayou, serial_bayou_pond_a,
          serial_bayou_pond_c, serial_bayou_shore_b, serial_bayou_crossing,
          first_ration, minivault_5, kennysheep_generic_room_3
D:3:      gup_sewer_entry_glass, serial_glass, glass_columns_b, glass_columns_a,
          columned_hall_lemuel
D:4:      nemelex_xobeh_ov_fountains_minmay, minmay_misc_feat_tiny,
          corexii_corridor_pit, minmay_hollow_rounded_squares
D:5:      fiery_altar_vehumet, minmay_temple_entry_trees
D:6:      grunt_decor_one_mirror
D:7:      lightli_temple_of_fire, serial_glass, glass_columns_a, glass_columns_b
D:8:      cheibrodos_helix_gallery, uniq_psyche, uniq_erica
D:9:      yredelemnul_forgotten_temple_becter, lemuel_doored_altar,
          kennysheep_nub
D:10:     minmay_orc_entry_guard_dogs, grunt_ogre_cave
D:11:     lair_entry_dummy, uniq_grum
D:12:     lab_entry_generic
D:13:     grunt_vaults_entry_fortified, portal_ice_cave_entry_pillars_2,
          minmay_misc_feat_nine_boxes
D:14:     uniq_kirke
D:15:     hangedman_depths_entry_civil_slaughter
Lair:1:   wad_woods_02
Lair:2:   special_room, lemuel_old_faithful, serial_bayou_shore_b
Lair:3:   lemuel_slime, minmay_lair_oklob_chamber
Lair:4:   minmay_swamp_entry_swarm, spider_nest_entry_web_field
Lair:5:   beast_lair_carwin_9, grunt_megastairs_1
Lair:6:   minmay_lair_end_enchanted_forest, minmay_slime_entry_pillars,
          st_stairs_6
Swamp:1:  evilmike_swamp_ruin_rubble_1, uniq_frances, uniq_aizul
Swamp:2:  cheibrodos_swamp_monstrosity, nicolae_swamp_feature_on_the_river_bank
Swamp:3:  evilmike_swamp_ruin_house_2
Swamp:4:  swamp_alternative, infiniplex_staircase_pool
Spider:2: nicolae_orb_stairs_large, guppyfry_spider_mini_1
Spider:3: cheibrodos_spider_silkery, uniq_arachne
Spider:4: floodkiller_spider_rune_tomb
Orc:1:    basic_altar
Orc:2:    st_orc_open, nicolae_orc_stony_grotto, uniq_saint_roka
Lab:      labyrinth_watery, nicolae_lab_blocks, nicolae_lab_diamond,
          labyrinth_skeletal_remains
Sewer:    kennysheep_door_sewer
IceCv:    ice_cave_tombish

Skill      XL: |  1  2  3  4  5  6  7  8  9 10 11 12 13 14 15 16 17 18 |
---------------+-------------------------------------------------------+-----
Maces & Flails | 4 5 6 8 10 11 13 14 15 16 | 16.9
Armour         | 3 4 5 6 7 9 10 12 13 14 | 14.2
Fighting       | 4 5 6 8 9 10 12 14 16 17 18 19 | 19.2
Dodging        | 4 6 7 8 9 10 | 10.7
Slings         | 3 |  3.5
Bows           | 6 9 11 13 | 13.6

Action                   |  1- 3 |  4- 6 |  7- 9 | 10-12 | 13-15 | 16-18 | 19-21 || total
-------------------------+-------+-------+-------+-------+-------+-------+-------++-------
Melee: Mace              |   109 |   221 |   283 |       |       |       |       ||   613
       Morningstar       |       |       |   125 |   444 |       |       |       ||   569
       Great mace        |       |       |       |   376 |  1053 |  1259 |    39 ||  2727
       Hunting sling     |       |       |       |       |     1 |       |       ||     1
       Longbow           |       |       |       |       |       |     2 |       ||     2
 Fire: Hunting sling     |       |    33 |   223 |   310 |   385 |       |       ||   951
       Longbow           |       |       |       |       |   248 |   505 |       ||   753
Invok: Berserk           |     1 |     2 |     4 |    10 |     2 |     6 |       ||    25
       Trog's Hand       |       |     1 |       |     1 |     3 |     2 |       ||     7
       Brothers in Arms  |       |       |       |       |     1 |       |       ||     1
 Abil: Fly               |       |       |       |       |     1 |       |       ||     1
  Use: Scroll            |     8 |     5 |    11 |     8 |    15 |    10 |       ||    57
       Potion            |       |       |       |       |     2 |     1 |       ||     3
  Eat: Chunk             |     3 |     7 |    18 |    29 |    47 |    52 |       ||   156
       Ration            |       |     1 |       |     2 |     4 |       |       ||     7
Armor: Animal skin       |     4 |       |       |       |       |       |       ||     4
       Ring mail         |    42 |   136 |    32 |       |       |       |       ||   210
       Scale mail        |       |       |    92 |       |       |       |       ||    92
       Plate armour      |       |       |   283 |   960 |  1075 |  2031 |    41 ||  4390
Dodge: Dodged            |    71 |   167 |   213 |   415 |  1010 |  1914 |    45 ||  3835
Block: Buckler           |       |       |       |    54 |       |       |       ||    54

Table legend:
 A = Spawn XP
 B = Non-spawn XP
 C = Spawn XP percentage of total XP
 D = Spawn monster count
 E = Non-spawn monster count
 F = Spawn count percentage of total count
 G = Total turns spent on level
                    A         B        C        D         E        F      G
               +---------+---------+-------+---------+---------+-------+---------
         Total |       0 |  322813 |   0.0 |       0 |    1210 |   0.0 | 42493
               +---------+---------+-------+---------+---------+-------+---------
           D:1 |       0 |      32 |   0.0 |       0 |      16 |   0.0 |  1161
           D:2 |       0 |     322 |   0.0 |       0 |      34 |   0.0 |  1516
           D:3 |       0 |      92 |   0.0 |       0 |      19 |   0.0 |   954
           D:4 |       0 |     608 |   0.0 |       0 |      34 |   0.0 |  1732
           D:5 |       0 |     759 |   0.0 |       0 |      19 |   0.0 |   606
           D:6 |       0 |     768 |   0.0 |       0 |      27 |   0.0 |  1169
           D:7 |       0 |    1249 |   0.0 |       0 |      25 |   0.0 |  1516
           D:8 |       0 |    4029 |   0.0 |       0 |      28 |   0.0 |  1070
           D:9 |       0 |    3369 |   0.0 |       0 |      29 |   0.0 |  1298
          D:10 |       0 |    3883 |   0.0 |       0 |      19 |   0.0 |  1313
          D:11 |       0 |    4332 |   0.0 |       0 |      34 |   0.0 |  1814
          D:12 |       0 |    2010 |   0.0 |       0 |      11 |   0.0 |   523
          D:13 |       0 |   14454 |   0.0 |       0 |      46 |   0.0 |  1830
          D:14 |       0 |   11598 |   0.0 |       0 |      39 |   0.0 |  1378
          D:15 |       0 |   15526 |   0.0 |       0 |      50 |   0.0 |  1316
        Lair:1 |       0 |    4886 |   0.0 |       0 |      27 |   0.0 |  1004
        Lair:2 |       0 |    5174 |   0.0 |       0 |      42 |   0.0 |  1495
        Lair:3 |       0 |    4539 |   0.0 |       0 |      31 |   0.0 |  1075
        Lair:4 |       0 |    5117 |   0.0 |       0 |      16 |   0.0 |  1702
        Lair:5 |       0 |    8132 |   0.0 |       0 |      19 |   0.0 |   767
        Lair:6 |       0 |   22363 |   0.0 |       0 |      95 |   0.0 |  2203
       Swamp:1 |       0 |   15289 |   0.0 |       0 |      35 |   0.0 |  1234
       Swamp:2 |       0 |   19997 |   0.0 |       0 |      41 |   0.0 |   870
       Swamp:3 |       0 |    6335 |   0.0 |       0 |      12 |   0.0 |   651
       Swamp:4 |       0 |   29594 |   0.0 |       0 |      64 |   0.0 |  1591
      Spider:1 |       0 |   30098 |   0.0 |       0 |      78 |   0.0 |  3171
      Spider:2 |       0 |   30223 |   0.0 |       0 |      63 |   0.0 |  1681
      Spider:3 |       0 |   17003 |   0.0 |       0 |      45 |   0.0 |  1116
      Spider:4 |       0 |   27161 |   0.0 |       0 |      69 |   0.0 |  1041
         Orc:1 |       0 |   10277 |   0.0 |       0 |      39 |   0.0 |  1233
         Orc:2 |       0 |   17001 |   0.0 |       0 |      74 |   0.0 |  1526
           Lab |       0 |    1138 |   0.0 |       0 |       1 |   0.0 |   128
         Sewer |       0 |     142 |   0.0 |       0 |       6 |   0.0 |   183
         IceCv |       0 |    5313 |   0.0 |       0 |      23 |   0.0 |   626
               +---------+---------+-------+---------+---------+-------+---------
